 Dungeon Crawl Stone Soup version 0.23-a0-741-g38971ea054 (webtiles) character file.

57521 LLavrengius the Blocker (level 14, -1/103 HPs)
             Began as an Octopode Fighter on Jan 18, 2019.
             Was a High Priest of Wu Jian.
             Slain by a four-headed hydra (12 damage)
             ... on level 6 of the Lair of Beasts.
             The game lasted 01:44:36 (24555 turns).

LLavrengius the Blocker (Octopode Fighter)         Turns: 24555, Time: 01:44:38

Health: -1/103     AC: 13    Str: 24    XL:     14   Next: 86%
Magic:  20/20      EV: 18    Int: 12    God:    Wu Jian [*****.]
Gold:   889        SH: 21    Dex: 16    Spells: 11/13 levels left

rFire    . . .     SeeInvis +   G - +3 dagger (venom)
rCold    + . .     Gourm    .   C - +2 large shield {rC+}
rNeg     . . .     Faith    .   B - +3 hat of the Invisible Hand {rElec Str+4}
rPois    .         Spirit   .   (no amulet)
rElec    +         Reflect  .   D - ring of see invisible
rCorr    +         Harm     .   F - +5 ring of protection
MR       ++...                  A - ring of flight
Stlth    ++........             R - +3 ring of dexterity
HPRegen  0.27/turn              S - +4 ring of protection
MPRegen  0.17/turn              a - +3 ring of strength
                                q - ring of protection from magic
                                M - ring of resist corrosion

@: starving, glowing, heavenly storm
A: almost no armour, stealthy swim, amphibious, 8 rings, constrict 8, camouflage
1, gelatinous body 1
a: Wall Jump, Serpent's Lash, Heavenly Storm, Renounce Religion, Evoke Flight


You were on level 6 of the Lair of Beasts.
You worshipped Wu Jian.
Wu Jian was extremely pleased with you.
You were starving.

You visited 3 branches of the dungeon, and saw 19 of its levels.
You also visited: Gauntlet and Ice Cave.

You collected 1199 gold pieces.
You spent 310 gold pieces at shops.

Inventory:

Hand Weapons
 e - the +4 short sword "Killer Bee's Peril" {freeze, Str+2}
   (You acquired it on level 5 of the Lair of Beasts)

   It has been specially enchanted to freeze those struck by it, causing extra
   injury to most foes and up to half again as much damage against particularly
   susceptible opponents.
   It can also slow down cold-blooded creatures.
   It affects your strength (+2).
 g - a +0 demon trident
 G - a +3 dagger of venom (weapon)
 H - a cursed +5 scimitar
 K - a +0 blowgun
Missiles
 h - 10 throwing nets (quivered)
 Q - 29 poisoned needles
Armour
 B - the +3 hat of the Invisible Hand (worn) {rElec Str+4}
   (You found it in a Gauntlet)

   It affects your strength (+4).
   It insulates you from electricity.
 C - a +2 large shield of cold resistance (worn)
 V - a +1 hat of magic resistance
Jewellery
 a - a +3 ring of strength (on tentacle)
 q - a ring of protection from magic (on tentacle)
 A - a ring of flight (on tentacle)
 D - a ring of see invisible (left tentacle)
 F - a +5 ring of protection (right tentacle)
 L - an uncursed ring of magical power
 M - a ring of resist corrosion (on tentacle)
 R - a +3 ring of dexterity (on tentacle)
 S - a +4 ring of protection (on tentacle)
 W - an uncursed ring of ice
 X - an uncursed ring of wizardry
Wands
 f - a wand of random effects (14)
 x - a wand of flame (10)
 y - a wand of acid (13)
 I - a wand of polymorph (5)
 N - a wand of paralysis (26)
 P - a wand of digging (12)
 T - a wand of enslavement (16)
 Y - a wand of disintegration (17)
 Z - a wand of iceblast (24)
Scrolls
 i - 4 scrolls of fear
 k - 14 scrolls of remove curse
 l - a scroll of vulnerability
 m - 4 scrolls of identify
 n - 2 scrolls of silence
 t - 5 scrolls of teleportation
 u - 2 scrolls of fog
 E - a scroll of blinking
 O - a scroll of magic mapping
 U - 2 scrolls of enchant weapon
Potions
 c - 3 potions of might
 j - 5 potions of haste
 o - a potion of heal wounds
 p - 8 potions of curing
 r - a potion of invisibility
 s - 2 potions of agility
 v - 3 potions of mutation
 w - 3 potions of lignification
 z - 3 potions of cancellation
Miscellaneous
 b - a lamp of fire
 J - a lightning rod (4/4)
Comestibles
 d - 38 rations


   Skills:
 - Level 12.0 Fighting
 - Level 12.0 Short Blades
 + Level 10.7 Dodging
 - Level 10.0 Stealth
 * Level 12.7 Shields
 + Level 2.6 Transmutations
 + Level 2.6 Earth Magic
 - Level 9.0 Evocations


You had 11 spell levels left.
You knew the following spells:

 Your Spells              Type           Power        Failure   Level  Hunger
a - Passwall              Tmut/Erth      #.......     63%         2    ###....

Your spell library contained the following spells:

 Spells                   Type           Power        Failure   Level  Hunger
 Sandblast                Erth           #.....       50%         1    ##.....
 Flame Tongue             Conj/Fire      #....        85%         1    ##.....
 Magic Dart               Conj           #...         85%         1    ##.....
 Blink                    Tloc           N/A          94%         2    ###....
 Call Imp                 Summ           #.......     94%         2    ###....
 Poisonous Vapours        Pois/Air       #.....       94%         2    ###....
 Searing Ray              Conj           #.....       94%         2    ###....
 Slow                     Hex            #.......     94%         2    ###....
 Throw Flame              Conj/Fire      #.....       94%         2    ###....
 Stone Arrow              Conj/Erth      #.....       96%         3    ####...
 Conjure Flame            Conj/Fire      #.......     99%         3    ####...
 Dazzling Spray           Conj/Hex       #.....       99%         3    ####...
 Inner Flame              Hex/Fire       #.......     99%         3    ####...
 Mephitic Cloud           Conj/Pois/Air  #.......     99%         3    ####...
 Petrify                  Tmut/Erth      #.......     99%         4    #####..
 Cause Fear               Hex            #.........   100%        4    #####..
 Force Lance              Conj/Tloc      #.......     100%        4    #####..
 Fulminant Prism          Conj/Hex       #.........   100%        4    #####..
 Iskenderun's Mystic Bla  Conj           #.......     100%        4    #####..
 Sticky Flame             Conj/Fire      #.......     100%        4    #####..
 Fireball                 Conj/Fire      #.........   100%        5    ######.
 Irradiate                Conj/Tmut      #.........   100%        5    ######.
 Lee's Rapid Deconstruct  Erth           #.........   100%        5    ######.
 Silence                  Hex/Air        #.........   100%        5    ######.
 Yara's Violent Unravell  Hex/Tmut       #.........   100%        5    ######.
 Deflect Missiles         Chrm/Air       #.........   100%        6    #######
 Freezing Cloud           Conj/Ice/Air   #.........   100%        6    #######
 Hydra Form               Tmut           #.........   100%        6    #######
 Statue Form              Tmut/Erth      #........    100%        6    #######
 Dragon Form              Tmut           #.........   100%        7    #######
 Ring of Flames           Chrm/Fire      #.........   100%        7    #######
 Discord                  Hex            #.........   100%        8    #######


Dungeon Overview and Level Annotations

Branches:
Dungeon (12/15)            Temple (1/1) D:4            Lair (6/6) D:9
  Swamp (0/4) Lair:3       Spider (0/4) Lair:3        Slime (0/5) Lair:6
    Orc: D:9-12

Altars:
Ashenzari
Cheibriados
Dithmenos
Elyvilon
Fedhas
Gozag
Hepliaklqana
Kikubaaqudgha
Makhleb
Nemelex Xobeh
Okawaru
Qazlal
Ru
Sif Muna
Trog
Uskayaw
Vehumet
Wu Jian
Xom
Yredelemnul
Zin
The Shining One
Jiyva

Shops:
D:4 (   D:7 !


Innate Abilities, Weirdness & Mutations

You cannot wear most types of armour.
You are very stealthy in the water. (Stealth+)
You are amphibious.
You can wear up to eight rings at the same time.
You can use your tentacles to constrict eight enemies at once.
Your skin changes colour to match your surroundings (Stealth+).
Your rubbery body absorbs attacks. (AC +1, EV +1)


Message History

You puncture the four-headed hydra!
The four-headed hydra is severely wounded.
You spin and attack the hippogriff.
You puncture the hippogriff!
The hippogriff is poisoned.
The hippogriff is moderately wounded.
The hippogriff closely misses you.
The hippogriff pecks you but does no damage.
You block the hippogriff's attack.
You block the four-headed hydra's attack.
The four-headed hydra bites you. The four-headed hydra bites you!!
* * * LOW HITPOINT WARNING * * *
You block the four-headed hydra's attack.
The rime drake completely misses you.
You barely miss the rime drake. You block the hippogriff's attack. x2
The hippogriff completely misses you.
The four-headed hydra barely misses you. x2
The four-headed hydra bites you.
* * * LOW HITPOINT WARNING * * *
The four-headed hydra bites you!
You die...

.......##...###.....## ##......##
.....###.#.## #....## ###......#.
.......#..## ###..## #.....#....
#....P....### #.....###P...#.....
......#.....####§☼§§☼#...........
......#......###☼§☼☼§§..#######..
...........#..##§☼☼☼☼§..# D #.#
.............§#P☼D§§#§..# HH #.P
............§§☼☼@H☼☼☼#..#


lll #.. ............§.§§☼k§○§☼..#DHHk #.. ..............☼§☼§§H☼§..k..ll #..
..........P.......§§....#..§l #.# ^.......###.......☼§☼†..# . l #.# ....#####
##.......☼§†.########.. #..## ######.†.....P.###......### #...#
#..P#...................# # ##.## #...........#.......PPP..## You could see a
four-headed hydra (pinned), a hippogriff (pinned) and a rime drake.

Vanquished Creatures
  Gastronok (Lair:1)
  A minotaur (Gauntlet)
  Erolcha (D:11)
  Snorg (Lair:6)
  11 hydras
  Harold (D:8)
  A catoblepas (Lair:3)
  A centaur warrior (D:10)
  2 two-headed ogres
  A death yak (Lair:6)
  An unseen horror (D:10)
  A necromancer (IceCv)
  A lindwurm (shapeshifter) (Gauntlet)
  An ugly thing (D:12)
  An oklob plant (D:10)
  A manticore (D:11)
  A cyclops (D:11)
  12 elephants
  Joseph (D:7)
  4 black mambas
  An ice statue (IceCv)
  8 spiny frogs
  A torpor snail (Gauntlet)
  5 rime drakes
  10 freezing wraiths (IceCv)
  5 komodo dragons
  A troll (D:10)
  A queen bee (D:9)
  A queen bee (shapeshifter) (Gauntlet)
  A polar bear (Lair:6)
  A tyrant leech (Lair:3)
  A hornet (D:10)
  A hippogriff (shapeshifter) (Gauntlet)
  A slime creature (D:11)
  20 blink frogs
  16 hippogriffs
  A redback (Lair:3)
  9 wyverns
  A wraith (D:9)
  23 yaks
  5 basilisks
  A golden eye (shapeshifter) (Gauntlet)
  A death yak simulacrum (IceCv)
  A vampire mosquito (D:11)
  A hungry ghost (D:12)
  A swamp worm (Lair:3)
  5 porcupines
  8 water moccasins
  A hell hound (Lair:6)
  2 orc warriors
  2 acid dragons
  11 ice beasts
  A hornet zombie (D:11)
  A sky beast (D:7)
  2 black bears
  An ogre (D:7)
  3 phantoms
  4 wolves (Lair:6)
  6 centaurs
  2 big kobolds (D:7)
  12 crocodiles
  17 bullfrogs
  6 scorpions
  An elephant simulacrum (IceCv)
  24 killer bees
  5 wights
  An electric eel (Lair:3)
  3 howler monkeys (D:9)
  A draconian simulacrum (IceCv)
  A centaur zombie (D:9)
  6 crimson imps
  3 bullfrog zombies
  7 hounds
  7 jellies
  3 centaur skeletons
  5 orc priests
  A bullfrog skeleton (D:9)
  4 iguanas
  11 orc wizards
  A spriggan simulacrum (IceCv)
  7 worker ants
  2 polar bear simulacra (IceCv)
  10 troll simulacra (IceCv)
  3 centaur simulacra (IceCv)
  2 hound skeletons
  3 worker ant zombies
  8 gnolls
  A howler monkey skeleton (D:6)
  15 adders
  3 naga simulacra (IceCv)
  2 ogre simulacra (IceCv)
  3 shadow imps
  12 white imps (IceCv)
  An ooze (D:4)
  An adder zombie (D:5)
  A worm (D:5)
  2 leopard geckos (D:6)
  40 orcs
  11 bats
  2 bat zombies (D:9)
  4 giant cockroaches
  5 goblins
  10 hobgoblins
  5 jackals
  4 quokkas
  2 ball pythons
  A frilled lizard (D:4)
  13 kobolds
  A quokka zombie (D:5)
  6 rats
  A rat zombie (D:9)
  A plant (D:5)
513 creatures vanquished.

Vanquished Creatures (others)
  A blink frog (Lair:6)
  8 fungi
  6 plants
15 creatures vanquished.

Grand Total: 528 creatures vanquished

Notes
Turn   | Place    | Note
-------+----------+-------------------------------------------
     0 | D:1      | LLavrengius the Octopode Fighter began the quest for the
                  | Orb.
     0 | D:1      | Reached XP level 1. HP: 16/16 MP: 1/1
    42 | D:1      | Reached skill level 1 in Stealth
   111 | D:1      | Reached XP level 2. HP: 21/21 MP: 2/2
   503 | D:1      | Reached XP level 3. HP: 26/26 MP: 3/3
   734 | D:2      | Reached XP level 4. HP: 31/31 MP: 4/4
   754 | D:2      | Reached skill level 5 in Stealth
  1047 | D:2      | Reached XP level 5. HP: 36/36 MP: 5/5
  1061 | D:2      | Found a blossoming altar of Fedhas.
  1469 | D:3      | Found a shattered altar of Ashenzari.
  2137 | D:4      | Found Eghykler's Antique Weapon Shoppe.
  2148 | D:4      | Bought a glowing short sword for 156 gold pieces
  2231 | D:4      | Found a staircase to the Ecumenical Temple.
  2327 | Temple   | Entered the Ecumenical Temple
  2465 | Temple   | Became a worshipper of the Wu Jian Council
  2566 | D:4      | Reached XP level 6. HP: 41/42 MP: 6/6
  2681 | D:4      | Reached skill level 5 in Short Blades
  3115 | D:5      | Entered Level 5 of the Dungeon
  3166 | D:5      | Reached XP level 7. HP: 15/46 MP: 7/7
  3546 | D:5      | Reached * piety under Wu Jian
  3610 | D:5      | Found a deep blue altar of Sif Muna.
  3705 | D:5      | Found a sacrificial altar of Ru.
  4378 | D:6      | Reached XP level 8. HP: 52/52 MP: 8/8
  4508 | D:6      | Found an iron altar of Okawaru.
  5032 | D:7      | Reached skill level 10 in Short Blades
  5041 | D:7      | Reached ** piety under Wu Jian
  5139 | D:7      | Reached XP level 9. HP: 49/56 MP: 9/9
  5344 | D:7      | Found Tanaih's Distillery.
  5352 | D:7      | Bought a potion of curing for 42 gold pieces
  5352 | D:7      | Bought a potion of invisibility for 112 gold pieces
  5695 | D:7      | Noticed Joseph
  6035 | D:8      | Noticed Harold
  6220 | D:8      | Killed Harold
  6220 | D:8      | Reached skill level 5 in Fighting
  6269 | D:8      | Reached XP level 10. HP: 21/66 MP: 12/12
  6784 | D:8      | Reached *** piety under Wu Jian
  7114 | D:7      | Killed Joseph
  7644 | D:9      | Found a staircase to the Lair.
  7651 | D:9      | Reached skill level 5 in Evocations
  7868 | D:9      | Found a hazy altar of Hepliaklqana.
  8544 | D:9      | Found a sacrificial altar of Ru.
  8590 | D:9      | Noticed a two-headed ogre
  8602 | D:9      | Killed a two-headed ogre
  8602 | D:9      | Reached XP level 11. HP: 42/77 MP: 16/16
  8868 | D:9      | Found an ancient bone altar of Kikubaaqudgha.
  8975 | D:10     | Entered Level 10 of the Dungeon
  8981 | D:10     | Reached **** piety under Wu Jian
  8997 | D:10     | Noticed a two-headed ogre
 10263 | D:10     | Killed a two-headed ogre
 10692 | D:10     | Noticed an unseen horror
 10692 | D:10     | Noticed a centaur warrior
 10701 | D:10     | Killed an unseen horror
 10708 | D:10     | Killed a centaur warrior
 11103 | D:10     | Noticed an oklob plant
 11104 | D:10     | Found a sparkling altar of Nemelex Xobeh.
 11109 | D:10     | Killed an oklob plant
 11309 | D:10     | Reached skill level 10 in Fighting
 11716 | D:11     | Noticed Erolcha
 11722 | D:11     | Killed Erolcha
 11722 | D:11     | Reached skill level 5 in Dodging
 11722 | D:11     | Reached skill level 5 in Shields
 11722 | D:11     | Reached XP level 12. HP: 87/87 MP: 18/18
 13261 | D:12     | Noticed a seven-headed hydra
 13270 | D:12     | Killed a seven-headed hydra
 13327 | D:12     | Noticed a seven-headed hydra
 13395 | D:12     | Reached ***** piety under Wu Jian
 13636 | Lair:1   | Entered Level 1 of the Lair of Beasts
 14398 | Lair:1   | Noticed Gastronok
 14414 | Lair:1   | Killed Gastronok
 14822 | Lair:2   | Found a gate leading to a gauntlet.
 14829 | Lair:2   | Found a stormy altar of Qazlal.
 14841 | Gauntlet | Entered a Gauntlet
 14841 | Gauntlet | Found a transporter.
 14841 | Gauntlet | Found a transporter.
 14845 | Gauntlet | Noticed a six-headed hydra
 14846 | Gauntlet | Found a transporter.
 14847 | Gauntlet | Found a transporter.
 14850 | Gauntlet | Found a transporter.
 14860 | Gauntlet | Found a transporter.
 14861 | Gauntlet | Found a transporter.
 14907 | Gauntlet | HP: 3/90 [six-headed hydra (8)]
 14912 | Gauntlet | Killed a six-headed hydra
 14912 | Gauntlet | Reached XP level 13. HP: 4/95 MP: 19/19
 15003 | Gauntlet | Got a brightly glowing hat
 15004 | Gauntlet | Identified the +3 hat of the Invisible Hand {rElec Str+4}
                  | (You found it in a Gauntlet)
 15069 | Gauntlet | Identified the +7 great mace "Numuewk" {elec, +Rage}
 15069 | Gauntlet | Noticed a minotaur
 15073 | Gauntlet | Killed a minotaur
 15156 | Lair:2   | Found a frozen archway.
 15165 | IceCv    | Entered an ice cave
 15561 | IceCv    | Reached skill level 10 in Stealth
 16395 | IceCv    | Found an ancient bone altar of Kikubaaqudgha.
 18092 | Lair:3   | You fall through a shaft for 2 floors!
 19627 | Lair:4   | Reached skill level 10 in Shields
 20242 | Lair:3   | Found a hole to the Spider Nest.
 20296 | Lair:3   | HP: 3/97 [eight-headed hydra (8)]
 21147 | Lair:3   | Found a staircase to the Swamp.
 21201 | Lair:5   | Reached XP level 14. HP: 103/103 MP: 20/20
 21710 | Lair:5   | Identified a scroll of acquirement
 21714 | Lair:5   | Identified the +4 short sword "Killer Bee's Peril" {freeze,
                  | Str+2} (You acquired it on level 5 of the Lair of Beasts)
 22081 | Lair:6   | Entered Level 6 of the Lair of Beasts
 22119 | Lair:6   | Noticed Snorg
 22155 | Lair:6   | Killed Snorg
 22434 | Lair:6   | Found a viscous altar of Jiyva.
 22435 | Lair:6   | Found a staircase to the Slime Pits.
 22727 | Lair:6   | Reached skill level 10 in Dodging
 23474 | Lair:6   | Learned a level 2 spell: Passwall
 24052 | Lair:6   | Reached skill level 1 in Transmutations
 24052 | Lair:6   | Reached skill level 1 in Earth Magic
 24555 | Lair:6   | Slain by a four-headed hydra

Vault maps used:
D:1:      beargit_arrival_greenhouse, minivault_27, chequers_arboretum
D:2:      fedhas_altar_fruit_tree, first_ration
D:3:      ashenzari_conservatory_becter
D:4:      minmay_temple_entry_grid, serial_shops, shop
D:5:      lemuel_round_altar, basic_altar, serial_bayou_lake_a
D:6:      okawaru_trees_2
D:7:      serial_shops, shop, uniq_joseph
D:8:      lightli_minifort, uniq_harold
D:9:      nicolae_ru_path_of_blood, lemuel_zombie_altar_kikubaaqudgha,
          lemuel_coloured_pillars_altar, dpeg_oklobed_lair, david_nohive_1
D:10:     minmay_chambers_of_sevens, kennysheep_cluttered_room,
          minmay_misc_feat_columns, minmay_misc_feat_iff, lemuel_oklob_altar
D:11:     uniq_erolcha
D:12:     minmay_the_grid_triangle_9x9_recursive_3_mashed
Temple:   eino_temple_rhombus
Lair:1:   grunt_megastairs_5, uniq_gastronok
Lair:2:   basic_altar, gauntlet_entry_generic, portal_ice_cave_entry_pillars_2,
          lemuel_fruit_fields
Lair:3:   palyth_hydra_swamp_entry, spider_nest_entry_webs, grunt_megastairs_2,
          serial_bayou_shore_a
Lair:5:   st_stairs_4, beast_lair_carwin_11, infiniplex_staircase_pool_2,
          lemuel_fruit_tree
Lair:6:   grunt_lair_end_beastmaster, slime_altar_1, special_room,
          hibernation_bobbens, uniq_snorg
IceCv:    ice_cave_small_necro
Gauntlet: gammafunk_gauntlet_shortcut

Skill      XL: |  1  2  3  4  5  6  7  8  9 10 11 12 13 14 |
---------------+-------------------------------------------+-----
Stealth        | 1 3 4 5 6 9 10 | 10.0
Short Blades   | 3 4 6 7 10 11 12 | 12.0
Fighting       | 5 8 10 11 12 | 12.0
Evocations     | 3 7 9 |  9.0
Shields        | 5 7 10 12 | 12.7
Dodging        | 5 7 9 10 | 10.7
Transmutations | 2 |  2.6
Earth Magic    | 2 |  2.6

Action                   |  1- 3 |  4- 6 |  7- 9 | 10-12 | 13-15 || total
-------------------------+-------+-------+-------+-------+-------++-------
Melee: Rapier            |    38 |       |       |       |       ||    38
       Constrict         |    11 |    29 |    40 |    68 |    59 ||   207
       Tentacles         |     5 |    35 |    67 |   189 |   304 ||   600
       Dagger            |     9 |    60 |       |       |   558 ||   627
       Short sword       |       |    62 |   301 |   785 |   387 ||  1535
       Staff             |       |       |       |       |    43 ||    43
Invok: Lunge             |       |     3 |    27 |    93 |   110 ||   233
       Whirlwind         |       |       |     9 |    90 |   228 ||   327
       Serpent's Lash    |       |       |       |       |     2 ||     2
       Heavenly Storm    |       |       |       |       |     2 ||     2
Evoke: Wand              |       |       |     1 |       |    12 ||    13
       Lightning rod     |       |       |       |       |     4 ||     4
       Lamp of fire      |       |       |       |       |     1 ||     1
  Use: Scroll            |       |     5 |       |    13 |    12 ||    30
       Potion            |       |       |       |     2 |    11 ||    13
 Stab: Sleeping          |    10 |    13 |    17 |    49 |    15 ||   104
       Distracted        |       |       |       |     2 |     3 ||     5
       Invisible         |       |       |       |     3 |     8 ||    11
       Held in net/web   |       |       |       |       |     1 ||     1
       Petrified         |       |       |       |       |     1 ||     1
  Eat: Chunk             |       |    11 |    16 |    15 |    20 ||    62
       Ration            |       |       |       |     1 |     3 ||     4
Armor: Skin              |     4 |     4 |     6 |     6 |    65 ||    85
Dodge: Dodged            |    23 |    31 |    44 |   104 |   235 ||   437
Block: Shield            |    12 |    45 |    56 |   236 |     6 ||   355
       Reflection        |       |       |       |     6 |       ||     6
       Large shield      |       |       |       |       |   488 ||   488

Table legend:
 A = Non-vault XP
 B = Vault XP
 C = Vault XP percentage of total XP
 D = Non-vault monster count
 E = Vault monster count
 F = Vault count percentage of total count
                 A         B        C        D         E       F
            +---------+---------+-------+---------+---------+-------
      Total |   45412 |   36761 |  44.7 |     362 |     151 |  29.4
            +---------+---------+-------+---------+---------+-------
        D:1 |      38 |       0 |   0.0 |      23 |       0 |   0.0
        D:2 |     158 |       0 |   0.0 |      19 |       0 |   0.0
        D:3 |      81 |       0 |   0.0 |      15 |       0 |   0.0
        D:4 |     301 |       0 |   0.0 |      22 |       0 |   0.0
        D:5 |     339 |       0 |   0.0 |      18 |       0 |   0.0
        D:6 |    1138 |       0 |   0.0 |      28 |       0 |   0.0
        D:7 |    1402 |     486 |  25.7 |      28 |       1 |   3.4
        D:8 |    1003 |    1228 |  55.0 |      22 |       6 |  21.4
        D:9 |    3219 |    1247 |  27.9 |      34 |      19 |  35.8
       D:10 |    2970 |    3760 |  55.9 |      23 |      13 |  36.1
       D:11 |    2903 |    1064 |  26.8 |      17 |       1 |   5.6
       D:12 |    1823 |     868 |  32.3 |      11 |       3 |  21.4
     Lair:1 |    3690 |    2545 |  40.8 |      15 |       4 |  21.1
     Lair:2 |    2154 |       0 |   0.0 |      10 |       0 |   0.0
     Lair:3 |    2629 |    2150 |  45.0 |      11 |       5 |  31.2
     Lair:4 |    3909 |       0 |   0.0 |      14 |       0 |   0.0
     Lair:5 |    2530 |    1246 |  33.0 |       9 |       4 |  30.8
     Lair:6 |   15125 |   11863 |  44.0 |      43 |      34 |  44.2
      IceCv |       0 |    6325 | 100.0 |       0 |      54 | 100.0
   Gauntlet |       0 |    3979 | 100.0 |       0 |       7 | 100.0
            +---------+---------+-------+---------+---------+-------
